 Dungeon Crawl Stone Soup version 0.27-a0-1188-g73eefd5def (webtiles) character file.

Game seed: 17254934307383222928

3045 Feb132020 the Thaumaturge (level 9, -9/47 HPs)
             Began as a Deep Elf Conjurer on May 22, 2021.
             Was a Follower of Vehumet.
             Mangled by a boulder beetle (22 damage)
             ... on level 8 of the Dungeon.
             The game lasted 00:41:10 (8943 turns).

Feb132020 the Thaumaturge (Deep Elf Conjurer)       Turns: 8943, Time: 00:41:13

Health: -9/47      AC:  4    Str:  6    XL:     9   Next: 56%
Magic:  14/25      EV: 13    Int: 24    God:    Vehumet [*.....]
Gold:   458        SH:  0    Dex: 14    Spells: 13/28 levels left

rFire    . . .     SeeInvis .   A - +3 short sword (drain)
rCold    . . .     Faith    .   (no shield)
rNeg     . . .     Spirit   .   a - +0 robe
rPois    .         Reflect  .   (no helmet)
rElec    .         Harm     .   l - +1 cloak
rCorr    .         Rampage  .   (no gloves)
Will     .....                  (no boots)
Stlth    +++.......             g - amulet of regeneration
HPRegen  1.15/turn              (no ring)
MPRegen  0.19/turn              (no ring)

@: no status effects
A: no striking features
a: Renounce Religion


You were on level 8 of the Dungeon.
You worshipped Vehumet.
Vehumet was aware of your devotion.
You visited 2 branches of the dungeon, and saw 9 of its levels.

You collected 458 gold pieces.

Inventory:

Hand Weapons
 c - a +0 dagger
 z - a +3 dagger
 A - a +3 short sword of draining (weapon)
Missiles
 v - a throwing net
Armour
 a - a +0 robe (worn)
 l - a +1 cloak (worn)
 u - the +1 ring mail "Figunk" {+Inv rF+ rC+ Slay+3}
   (You found it on level 6 of the Dungeon)

   It affects your accuracy and damage with ranged weapons and melee attacks
   (+3).
   It protects you from fire.
   It protects you from cold.
   It lets you turn invisible.
Jewellery
 g - an amulet of regeneration (around neck)
 s - an amulet of guardian spirit
Wands
 i - a wand of mindburst (17)
 n - a wand of iceblast (3)
 p - a wand of flame (22)
Scrolls
 b - 3 scrolls of magic mapping
 q - a scroll of teleportation
 y - a scroll of enchant armour
Potions
 d - a potion of invisibility
 e - a potion of ambrosia
 f - 4 potions of heal wounds
 h - a potion of berserk rage
 j - a potion of mutation {unknown}
 k - 4 potions of curing
 m - 2 potions of lignification {unknown}
 o - a potion of magic {unknown}
 r - a potion of might {unknown}
 t - 2 potions of attraction {unknown}
 w - a potion of brilliance {unknown}
 x - a potion of cancellation {unknown}
 B - 2 potions of flight {unknown}


   Skills:
 + Level 1.4 Fighting
 + Level 2.6 Short Blades
 + Level 4.3 Dodging
 + Level 6.1 Stealth
 + Level 10.3 Spellcasting
 + Level 8.5 Conjurations
 * Level 7.0 Hexes
 * Level 2.5 Translocations


You had 13 spell levels left.
You knew the following spells:

 Your Spells              Type           Power      Damage    Failure   Level
a - Magic Dart            Conj           100%       1d8       1%          1
b - Searing Ray           Conj           100%       3d7       1%          2
c - Dazzling Flash        Conj/Hex       98%        N/A       1%          3
e - Mephitic Cloud        Conj/Pois/Air  26%        N/A       4%          3
f - Fulminant Prism       Conj/Hex       24%        3d13      1%          4
B - Blink                 Tloc           N/A        N/A       2%          2

Your spell library contained the following spells:

 Spells                   Type           Power      Damage    Failure   Level
 Sandblast                Erth           24%        2d8       4%          1
 Slow                     Hex            46%        N/A       1%          2
 Conjure Flame            Conj/Fire      32%        6-21      2%          3
 Summon Guardian Golem    Hex/Summ       29%        N/A       3%          3
 Beastly Appendage        Tmut           24%        N/A       4%          1
 Freeze                   Ice            48%        1d7       4%          1
 Summon Small Mammal      Summ           48%        N/A       4%          1
 Iskenderun's Mystic Bla  Conj/Tloc      38%        2d9       5%          4
 Call Imp                 Summ           12%        N/A       8%          2
 Wereblood                Tmut           12%        N/A       8%          2
 Hailstorm                Conj/Ice       32%        3d8       9%          4
 Call Canine Familiar     Summ           12%        N/A       16%         3
 Frozen Ramparts          Ice            24%        1d4       16%         3
 Ozocubu's Armour         Ice            12%        N/A       16%         3
 Spider Form              Tmut/Pois      6%         N/A       16%         3
 Metabolic Englaciation   Hex/Ice        14%        N/A       32%         5
 Ice Form                 Ice/Tmut       12%        N/A       45%         4
 Summon Ice Beast         Ice/Summ       12%        N/A       45%         4
 Summon Lightning Spire   Summ/Air       12%        N/A       45%         4
 Hydra Form               Tmut           6%         N/A       80%         5


Dungeon Overview and Level Annotations

Branches:
Dungeon (8/15)             Temple (1/1) D:7            Lair (0/6) D:8

Altars:
Ashenzari
Cheibriados
Dithmenos
Elyvilon
Fedhas
Gozag
Hepliaklqana
Kikubaaqudgha
Makhleb
Nemelex Xobeh
Okawaru
Qazlal
Ru
Sif Muna
Trog
Uskayaw
Vehumet
Wu Jian
Xom
Yredelemnul
Zin
The Shining One

Annotations:
D:3 3 runed translucent doors, cirn0's ghost, amateur MiFi
D:5 Prince Ribbit
D:6 exclusion: door
D:8 Erica


Message History

Unknown command.
Unknown command.
Unknown command.
Casting: Magic Dart (safe; 1% risk of failure)
Confirm with . or Enter, or press ? or * to list all spells.
Aiming: Searing Ray (safe; 1% risk of failure)
Press: ? - help, Shift-Dir - straight line, f/p - wight
Aim: a wight, wielding a +0 great sword, wearing a +0 robe and quivering poisoned darts (severely damaged, 83% to hit)
The searing ray hits the wight!
You destroy the wight!
Vehumet accepts your kill. (Press . to maintain the ray.)
You feel sick.
Your Stealth skill increases to level 6!
You feel sick.
You feel sick.
You feel sick.
You feel sick.
You are no longer poisoned.
Found 12 sling bullets.
You see here a scroll of amnesia.
Unknown command.
Unknown command.
The centaur shouts!
The centaur shoots an arrow.
The arrow hits you!
The centaur shoots an arrow.
The arrow closely misses you.
The centaur shoots an arrow.
The arrow closely misses you.
The centaur shoots an arrow.
The arrow hits you!
The centaur shoots an arrow.
The arrow hits you.
The centaur shoots an arrow.
The arrow hits you.
The centaur shoots an arrow.
The arrow hits you.
The centaur shoots an arrow.
The arrow barely misses you.
The arrow hits the boulder beetle!
Found a staircase to the Lair.
You hit the boulder beetle but do no damage.
You drain the boulder beetle.
The boulder beetle is lightly wounded.
The centaur shoots an arrow.
The arrow hits you.
* * * LOW HITPOINT WARNING * * *
The boulder beetle bites you!!
You die...

............#....(#
#.####...##...##.#......
........#.#.............
>.......#....c..........
#.....................#
##.........).#..........
........)....#..........
..........)..#...###....
....>.B@.z..?....# ##?#.
.....................h#.
......#...#.....###..##.
......#........## #.. #.
..............## #.h #.
....###...##.... ..h .
.... ....##.##...... ...
.(.#..... #.


You could see a boulder beetle (drained), a centaur and a wight.

Vanquished Creatures
  Duvessa (D:7)
  An ice beast (D:7)
  An ogre (D:6)
  A sky beast (D:7)
  An orc warrior (D:7)
  3 necrophages
  4 phantoms
  2 bullfrogs (D:6)
  A wyvern zombie (D:7)
  A water moccasin zombie (D:5)
  3 scorpions
  Dowan (D:7)
  2 water moccasin skeletons
  9 wights
  3 howler monkeys (D:7)
  A bullfrog zombie (D:6)
  A hound (D:5)
  Crazy Yiuf (D:2)
  2 jellies (D:5)
  5 orc priests
  A centaur skeleton (D:7)
  2 gnoll shamans
  An iguana (D:4)
  11 orc wizards
  A hound zombie (D:5)
  A hound skeleton (D:5)
  5 adders
  7 gnolls
  2 howler monkey skeletons
  An adder skeleton (D:4)
  A worm (D:2)
  A dart slug (D:3)
  31 orcs
  10 ball pythons
  3 bats
  7 endoplasms
  6 giant cockroaches
  4 goblins
  5 hobgoblins
  15 jackals
  5 kobolds
  3 quokkas
  2 frilled lizards
  A rat (D:1)
170 creatures vanquished.

Vanquished Creatures (others)
  2 fulminant prisms (D:7)
  5 fungi (D:3)
  4 toadstools (D:3)
11 creatures vanquished.

Grand Total: 181 creatures vanquished

Notes
Turn   | Place    | Note
-------+----------+-------------------------------------------
     0 | D:1      | Feb132020 the Deep Elf Conjurer began the quest for the
                  | Orb.
     0 | D:1      | Reached XP level 1. HP: 10/10 MP: 6/6
   518 | D:1      | Reached XP level 2. HP: 15/15 MP: 4/8
   652 | D:1      | Learned a level 2 spell: Searing Ray
   735 | D:1      | Reached skill level 5 in Conjurations
  1025 | D:1      | Found a faded altar of an unknown god.
  1295 | D:2      | Reached XP level 3. HP: 19/19 MP: 1/9
  1545 | D:2      | You fall into a shaft and drop 1 floor!
  1587 | D:3      | Noticed cirn0's ghost (amateur MiFi)
  1714 | D:3      | Found a runed translucent gate.
  1714 | D:3      | Found a runed translucent gate.
  1714 | D:3      | Found a runed translucent gate.
  2094 | D:2      | Found a runed translucent door.
  2095 | D:2      | Noticed Crazy Yiuf
  2104 | D:2      | Killed Crazy Yiuf
  2105 | D:2      | Reached XP level 4. HP: 2/24 MP: 1/11
  2241 | D:2      | Found a bloodstained altar of Trog.
  2334 | D:2      | Learned a level 3 spell: Dazzling Flash
  2354 | D:2      | Reached skill level 4 in Spellcasting
  3518 | D:4      | Reached skill level 1 in Hexes
  3518 | D:4      | Reached XP level 5. HP: 25/28 MP: 4/13
  3730 | D:4      | Noticed a phantom
  3736 | D:4      | Killed a phantom
  3737 | D:4      | Reached skill level 5 in Spellcasting
  3737 | D:4      | Reached XP level 6. HP: 33/33 MP: 6/15
  4110 | D:4      | Found a hide-covered altar of Uskayaw.
  4837 | D:4      | Reached skill level 1 in Short Blades
  4841 | D:4      | Reached XP level 7. HP: 33/37 MP: 5/17
  5075 | D:5      | Entered Level 5 of the Dungeon
  5083 | D:5      | Reached skill level 6 in Spellcasting
  5758 | D:5      | Reached skill level 1 in Fighting
  5758 | D:5      | Reached XP level 8. HP: 36/43 MP: 6/20
  6036 | D:5      | Noticed Prince Ribbit
  6046 | D:5      | Reached skill level 7 in Spellcasting
  6456 | D:6      | Reached skill level 5 in Hexes
  6489 | D:6      | Identified the +1 ring mail "Figunk" {+Inv rF+ rC+ Slay+3}
  6594 | D:6      | Reached skill level 5 in Stealth
  6594 | D:6      | Reached skill level 8 in Spellcasting
  7190 | D:6      | Reached skill level 9 in Spellcasting
  7377 | D:6      | Reached XP level 9. HP: 47/47 MP: 13/24
  7472 | D:7      | Learned a level 4 spell: Fulminant Prism
  7476 | D:7      | Learned a level 3 spell: Mephitic Cloud
  7479 | D:7      | Learned a level 2 spell: Blink
  7491 | D:7      | Found a staircase to the Ecumenical Temple.
  7495 | Temple   | Entered the Ecumenical Temple
  7725 | Temple   | Became a worshipper of Vehumet
  7870 | D:7      | Reached skill level 1 in Translocations
  7915 | D:7      | Noticed Duvessa
  7933 | D:7      | Killed Duvessa
  7993 | D:7      | Noticed Dowan
  8064 | D:7      | Killed Dowan
  8258 | D:7      | Reached skill level 10 in Spellcasting
  8328 | D:7      | Reached * piety under Vehumet
  8328 | D:7      | Offered knowledge of Sandblast by Vehumet.
  8730 | D:8      | Noticed Erica
  8808 | D:8      | Noticed a boulder beetle
  8942 | D:8      | Found a staircase to the Lair.
  8943 | D:8      | Mangled by a boulder beetle

Illustrated notes

Levels and vault maps discovered:
D:1:      pf_arrival_petrified_forest, layout_basic,
          shapermc_ecumenical_altar_mp_urbaneastern, grunt_decor_cap
D:2:      layout_basic, basic_altar, cheibrodos_gnoll_hut,
          uniq_crazy_yiuf_cottage
D:3:      layout_loops_corners, gammafunk_ghost_split, minmay_gold_behind_fungi
D:4:      layout_gridville, eat_drink_and_be_merry_uskayaw
D:5:      layout_loops_cross, uniq_prince_ribbit1
D:6:      layout_basic
D:7:      layout_loops_ring, minmay_temple_entry_grid, uniq_duvessa
D:8:      layout_cave_pools, lair_entry_dummy, minmay_crystal_water, uniq_erica
Temple:   roderic_octagonal_lattice_temple

Skill      XL: |  1  2  3  4  5  6  7  8  9 |
---------------+----------------------------+-----
Conjurations   | 5 6 7 8 |  8.5
Dodging        | 3 4 |  4.3
Stealth        | 3 4 5 6 |  6.1
Spellcasting   | 4 5 6 9 10 | 10.3
Hexes          | 1 2 3 4 6 7 |  7.0
Short Blades   | 1 2 |  2.6
Fighting       | 1 |  1.4
Translocations | 2 |  2.5

Action                   |  1- 3 |  4- 6 |  7- 9 || total
-------------------------+-------+-------+-------++-------
Melee: Dagger            |    17 |    19 |    12 ||    48
       Short sword       |       |       |     2 ||     2
 Cast: Magic Dart        |    62 |    63 |    99 ||   224
       Searing Ray       |     4 |    15 |    63 ||    82
       Fulminant Prism   |       |       |     2 ||     2
  Use: Scroll            |       |    10 |     5 ||    15
       Potion            |       |     1 |       ||     1
 Stab: Sleeping          |       |     2 |     2 ||     4
Armor: Robe              |     4 |    11 |     8 ||    23
Dodge: Dodged            |    17 |    24 |    27 ||    68

Table legend: (Time is in decaauts)
 A = Elapsed time spent in this place.
 B = Non-inter-level travel time spent in this place.
 C = Inter-level travel time spent in this place.
 D = Time resting spent in this place.
 E = Time spent auto-exploring this place.
 F = Levels seen in this place.
 G = Mean time per level.
                   A        B        C        D        E       F      G
               +--------+--------+--------+--------+--------+-----+--------+
         Total |   8943 |   8606 |    337 |    100 |   7223 |   9 |  993.7 |
       Dungeon |   8695 |   8376 |    319 |    100 |   6997 |   8 | 1086.9 |
        Temple |    247 |    230 |     17 |      0 |    226 |   1 |  247.0 |
               +--------+--------+--------+--------+--------+-----+--------+

Top non-repeatable levels by time:
     D:4: 1582 daAuts
     D:5: 1358 daAuts
     D:3: 1208 daAuts
     D:1: 1166 daAuts
     D:2: 1140 daAuts
     D:6: 1012 daAuts
     D:7: 991 daAuts
  Temple: 247 daAuts
     D:8: 235 daAuts
